 Dungeon Crawl Stone Soup version 0.17.1-3-g152610e (webtiles) character file.

11221 MirrMurr the Jinx (level 11, -8/47 HPs)
             Began as a Spriggan Enchanter on Mar 18, 2016.
             Was a Follower of Ashenzari.
             Mangled by a freezing wraith (17 damage)
             ... on level 2 of the Lair of Beasts.
             The game lasted 00:38:28 (13088 turns).

MirrMurr the Jinx (Spriggan Enchanter)             Turns: 13088, Time: 00:38:28

Health: -8/47      AC:  3    Str:  4    XL:     11   Next: 46%
Magic:  28/28      EV: 24    Int: 20    God:    Ashenzari [*.....]
Gold:   522        SH:  0    Dex: 17    Spells: 4 memorised, 25 levels left

rFire  + . .     SeeInvis +     a - +2 dagger (venom)
rCold  . . .     Clarity  .     o - +1 robe (curse)
rNeg   . . .     SustAt   .     (shield restricted)
rPois  .         Gourm    .     (helmet restricted)
rElec  .         Spirit   .     (no cloak)
rCorr  .         Warding  .     (gloves unavailable)
rMut   .         Stasis   .     (boots unavailable)
MR     +....                    (no amulet)
Stlth  ++++++....               v - +4 ring of evasion (curse)
                                e - ring of protection from fire

@: slowed, quick, somewhat resistant to hostile enchantments, very stealthy
A: unfitting armour, see invisible, herbivore 3, speed 3, slow metabolism 2
a: Scrying, Renounce Religion


You were on level 2 of the Lair of Beasts.
You worshipped Ashenzari.
Ashenzari was aware of your devotion.
You were not hungry.

You visited 3 branches of the dungeon, and saw 11 of its levels.

You collected 522 gold pieces.

Inventory:

Hand Weapons
 a - a +2 dagger of venom (weapon)
 b - a +1 dagger
 C - a +2 dagger of flaming
Missiles
 j - 11 poisoned needles
 k - 254 stones (quivered)
 t - a tomahawk of dispersal
 D - 2 tomahawks
Armour
 o - a cursed +1 robe (worn)
Jewellery
 e - a ring of protection from fire (left hand)
 v - a cursed +4 ring of evasion (right hand)
 y - an uncursed ring of magical power
 H - an uncursed ring of protection from magic
Wands
 l - a wand of slowing (23)
 n - a wand of fire (5)
 A - a wand of digging (5)
 B - a wand of digging (13)
Scrolls
 q - a scroll of recharging
 r - 3 scrolls of remove curse
 s - 3 scrolls of magic mapping
 z - 2 scrolls of fear
 E - a scroll of curse jewellery
 F - 2 scrolls of identify
 G - a scroll of teleportation
Potions
 f - a potion of agility
 g - 2 potions of flight
 i - 4 potions of curing
 p - a potion of ambrosia
 u - 2 potions of brilliance
 w - a potion of haste
Books
 c - a book of Maledictions

   Spells                             Type                      Level
   a - Corona                         Hexes                        1
   b - Ensorcelled Hibernation        Hexes/Ice                    2
   c - Confuse                        Hexes                        3
   d - Tukima's Dance                 Hexes                        3
   e - Dazzling Spray                 Conjuration/Hexes            3
 h - Sif Muna's Almanac of Earth
   (You found it on level 7 of the Dungeon)

   Spells                             Type                      Level
   a - Sandblast                      Earth                        1
Comestibles
 d - 3 bread rations
 m - a slice of pizza
 x - a fruit


   Skills:
 * Level 4.8 Short Blades
 + Level 4.4 Dodging
 - Level 12.4 Stealth
 - Level 12.0 Spellcasting
 - Level 14.4 Hexes


You had 25 spell levels left.
You knew the following spells:

 Your Spells              Type           Power        Failure   Level  Hunger
a - Ensorcelled Hibernat  Hex/Ice        #####.       1%          2    None
b - Confuse               Hex            ######..     1%          3    None
c - Corona                Hex            ######.      0%          1    None
d - Dazzling Spray        Conj/Hex       #####...     1%          3    None


Dungeon Overview and Level Annotations

Branches:
Dungeon (8/15)             Temple (1/1) D:6            Lair (2/8) D:8

Altars:
Ashenzari
Cheibriados
Dithmenos
Elyvilon
Fedhas
Gozag
Kikubaaqudgha
Makhleb
Nemelex Xobeh
Okawaru
Qazlal
Ru
Sif Muna
Trog
Vehumet
Xom
Yredelemnul
Zin
The Shining One


Innate Abilities, Weirdness & Mutations

You are tiny and cannot use many weapons and most armour.
You have supernaturally acute eyesight.
You are a herbivore.
You cover ground extremely quickly.
You need consume almost no food.


Message History

You hit the freezing wraith but do no damage.
The freezing wraith is lightly damaged.
The freezing wraith closely misses you. The freezing wraith misses you.
You hit the freezing wraith but do no damage.
The freezing wraith hits you. The freezing wraith freezes you!
The freezing wraith hits you!
* * * LOW HITPOINT WARNING * * *
The freezing wraith drains your vigour!
You feel as though you will be slow longer.
* * * LOW HITPOINT WARNING * * *
Unknown command.
Unknown command.
The freezing wraith stops glowing.
Read which item? (? for menu, Esc to quit)
Okay, then.
Drink which item? (? for menu, Esc to quit)
You feel better. The freezing wraith hits you.
* * * LOW HITPOINT WARNING * * *
The freezing wraith freezes you!
You die...

............##......######
............####....##
.#######..... ##.....# ##
#....###.....##
#.....###....# ###.....
##....# ......# #.....##
#....# #......# # #....#
##@...P# # ##....#
##W...## #####
#.....##.#.....#
##..###.......##....##
..<.................P#
....................##
....................##
.....................#
######.P#.######P.#.##


You could see a freezing wraith.

Vanquished Creatures
  2 hydras (Lair:2)
  4 black mambas
  An ice statue (Lair:2)
  2 spiny frogs (Lair:2)
  3 komodo dragons
  A polar bear (Lair:2)
  Sigmund (D:4)
  8 yaks
  3 hippogriffs
  4 water moccasins
  5 porcupines
  2 sky beasts (D:8)
  2 phantoms
  3 ogres
  A black bear (Lair:1)
  6 ice beasts (Lair:2)
  4 centaurs
  3 crocodiles
  6 giant frogs
  A wyvern skeleton (D:8)
  6 killer bees (D:8)
  2 electric eels (Lair:1)
  8 orc wizards
  An orc priest (D:6)
  5 crimson imps
  6 iguanas
  Ijyb (D:4)
  3 hounds
  A jelly (D:5)
  7 worker ants
  Terence (D:2)
  Natasha (thrice) (D:2 D:3)
  7 sheep (Lair:2)
  4 hound skeletons
  A worker ant zombie (D:4)
  6 adders
  7 gnolls (D:3)
  26 river rats
  4 white imps (Lair:2)
  5 shadow imps
  2 oozes (D:2)
  3 worms
  An adder zombie (D:5)
  12 giant geckos
  17 orcs
  A ball python (D:5)
  6 bats
  5 giant cockroaches
  15 goblins
  10 hobgoblins
  10 jackals
  8 kobolds
  2 quokkas (D:2)
  A ball python skeleton (D:4)
  2 giant gecko skeletons (D:6)
  5 giant newts
  11 rats
277 creatures vanquished.

Vanquished Creatures (others)
  A bush (Lair:1)
  5 fungi
  4 plants
10 creatures vanquished.

Grand Total: 287 creatures vanquished

Notes
Turn   | Place    | Note
--------------------------------------------------------------
     0 | D:1      | MirrMurr the Spriggan Enchanter began the quest for the Orb.
     0 | D:1      | Reached XP level 1. HP: 9/9 MP: 5/5
    97 | D:1      | Reached skill level 5 in Stealth
   200 | D:1      | Reached XP level 2. HP: 13/13 MP: 6/6
   207 | D:1      | Learned a level 2 spell: Ensorcelled Hibernation
   471 | D:1      | Reached skill level 6 in Stealth
   612 | D:1      | Reached XP level 3. HP: 11/16 MP: 8/8
   617 | D:1      | Learned a level 3 spell: Confuse
  1068 | D:2      | Noticed Natasha
  1068 | D:2      | Reached skill level 7 in Stealth
  1072 | D:2      | Noticed Terence
  1073 | D:2      | Killed Natasha
  1073 | D:2      | Reached XP level 4. HP: 3/21 MP: 7/10
  1378 | D:2      | Killed Terence
  1411 | D:2      | Learned a level 3 spell: Dazzling Spray
  1545 | D:2      | Found a white marble altar of Elyvilon.
  1744 | D:2      | Found a basalt altar of Yredelemnul.
  1886 | D:3      | Reached skill level 8 in Stealth
  1948 | D:3      | Noticed Natasha
  1964 | D:3      | Killed Natasha
  1964 | D:3      | Reached XP level 5. HP: 24/24 MP: 6/11
  2309 | D:3      | Noticed Natasha
  2317 | D:3      | Killed Natasha
  3056 | D:3      | Reached skill level 9 in Stealth
  3180 | D:3      | Reached XP level 6. HP: 28/28 MP: 5/14
  3703 | D:4      | You fall through a shaft for 3 floors!
  3708 | D:7      | Reached skill level 10 in Stealth
  3708 | D:7      | Reached skill level 5 in Spellcasting
  3824 | D:7      | Reached XP level 7. HP: 30/32 MP: 13/16
  3968 | D:5      | Entered Level 5 of the Dungeon
  3984 | D:5      | Reached skill level 11 in Stealth
  4107 | D:4      | Noticed Sigmund
  4111 | D:4      | Killed Sigmund
  4170 | D:4      | Reached skill level 12 in Stealth
  4655 | D:4      | Reached XP level 8. HP: 25/36 MP: 14/18
  4824 | D:4      | Noticed Ijyb
  4836 | D:4      | Killed Ijyb
  5082 | D:4      | Noticed a hippogriff
  5093 | D:4      | Killed a hippogriff
  5099 | D:4      | Reached skill level 5 in Hexes
  5280 | D:4      | Found a burning altar of Makhleb.
  5280 | D:4      | Noticed an Executioner
  5550 | D:5      | Found a glowing silver altar of Zin.
  5561 | D:5      | Found a sparkling altar of Nemelex Xobeh.
  5561 | D:5      | Found a glowing golden altar of the Shining One.
  5561 | D:5      | Found an opulent altar of Gozag.
  5683 | D:5      | Found a shimmering altar of Xom.
  5683 | D:5      | Found a snail-covered altar of Cheibriados.
  6346 | D:6      | Found a staircase to the Ecumenical Temple.
  6381 | Temple   | Entered the Ecumenical Temple
  6430 | Temple   | Became a worshipper of Ashenzari the Shackled
  7288 | D:7      | Found a deep blue altar of Sif Muna.
  7301 | D:7      | Reached XP level 9. HP: 30/39 MP: 12/22
  7584 | D:7      | Identified Sif Muna's Almanac of Earth
  7980 | D:8      | Found a staircase to the Lair.
  7981 | D:8      | Noticed a komodo dragon
  8619 | D:8      | Reached skill level 10 in Hexes
  8637 | D:8      | Killed a komodo dragon
  9096 | Lair:1   | Entered Level 1 of the Lair of Beasts
  9235 | Lair:1   | Noticed a black mamba
  9248 | Lair:1   | Killed a black mamba
  9740 | Lair:1   | Noticed a black mamba
  9809 | Lair:1   | Noticed a komodo dragon
  9821 | Lair:1   | Killed a komodo dragon
  9821 | Lair:1   | Reached skill level 10 in Spellcasting
  9821 | Lair:1   | Reached XP level 10. HP: 44/44 MP: 17/25
  9831 | Lair:1   | Reached * piety under Ashenzari
  9949 | Lair:1   | Noticed a komodo dragon
  9960 | Lair:1   | Killed a komodo dragon
 10047 | Lair:1   | Killed a black mamba
 10519 | Lair:2   | Reached skill level 13 in Hexes
 10531 | Lair:2   | Found a glowing golden altar of the Shining One.
 10555 | Lair:2   | Noticed a seven-headed hydra
 10591 | Lair:2   | Noticed a four-headed hydra
 10606 | Lair:2   | Killed a seven-headed hydra
 11155 | Lair:2   | Noticed a black mamba
 11161 | Lair:2   | Killed a black mamba
 11386 | Lair:2   | Reached XP level 11. HP: 47/47 MP: 4/27
 11391 | Lair:2   | Reached skill level 14 in Hexes
 11415 | Lair:2   | Noticed a black mamba
 11428 | Lair:2   | Killed a black mamba
 11530 | Lair:2   | Killed a four-headed hydra
 13079 | Lair:2   | HP: 2/47 [freezing wraith (3)]
 13088 | Lair:2   | Mangled by a freezing wraith

Action                   |  1- 3 |  4- 6 |  7- 9 | 10-12 || total
-------------------------+-------+-------+-------+-------++-------
Melee: Dagger            |   140 |   132 |   232 |   156 ||   660
 Cast: Ensorcelled Hiber |     1 |    18 |    62 |    42 ||   123
       Dazzling Spray    |       |     8 |     3 |    22 ||    33
       Confuse           |       |     1 |     9 |    17 ||    27
       Corona            |       |       |       |     3 ||     3
Evoke: Wand              |       |       |     1 |     5 ||     6
  Use: Scroll            |     4 |     7 |     9 |     1 ||    21
       Potion            |       |       |     3 |     1 ||     4
 Stab: Sleeping          |    13 |    24 |    80 |    37 ||   154
       Distracted        |       |     2 |       |       ||     2
       Invisible         |       |     2 |       |     5 ||     7
       Confused          |       |       |     3 |     7 ||    10
  Eat: Bread ration      |       |     1 |       |       ||     1
       Fruit             |       |       |     6 |       ||     6
       Pizza             |       |       |     1 |       ||     1
